 Dungeon Crawl Stone Soup version 0.30-a0-509-gd016549fea (webtiles) character file.

Game seed: 8595380534980176736

301 Crownlay the Grave Robber (level 6, 0/45 HPs)
             Began as a Demonspawn Necromancer on Dec 22, 2022.
             Slain by a hound (5 damage)
             ... on level 4 of the Dungeon.
             The game lasted 00:12:05 (3182 turns).

Crownlay the Grave Robber (Demonspawn Necromancer)  Turns: 3182, Time: 00:12:06

Health: 0/45       AC:  4    Str:  8    XL:     6   Next: 14%
Magic:  10/12      EV: 12    Int: 18    God:
Gold:   63         SH:  0    Dex: 14    Spells: 9/14 levels left

rFire   . . .      SeeInvis .    j - +4 spear
rCold   . . .      Faith    .    (no shield)
rNeg    . . .      Spirit   .    a - +0 robe
rPois   .          Reflect  .    (no helmet)
rElec   .          Harm     .    (no cloak)
rCorr   .          Rampage  .    (no gloves)
Will    .....                    i - +0 pair of boots
Stlth   ++........               (no amulet)
HPRegen 0.27/turn                (no ring)
MPRegen 0.13/turn                (no ring)

@: animating dead, invisible
A: hooves 1, rugged brown scales 1, powered by death 2
a: no special abilities


You were on level 4 of the Dungeon.
You visited 1 branch of the dungeon, and saw 4 of its levels.

You collected 63 gold pieces.

Inventory:

Hand Weapons
 j - a +4 spear (weapon)
Armour
 a - a +0 robe (worn)
 i - a +0 pair of boots (worn)
Wands
 e - a wand of mindburst (15)
Scrolls
 c - a scroll of silence
 f - 2 scrolls of amnesia
 g - a scroll of fear {unknown}
 h - a scroll of identify
 n - a scroll of blinking {unknown}
Potions
 b - a potion of magic
 k - 2 potions of flight
 m - a potion of mutation {unknown}


   Skills:
 + Level 2.2 Fighting
 - Level 1.7 Dodging
 - Level 1.7 Stealth
 * Level 4.5 Spellcasting
 + Level 5.6 Necromancy
 + Level 0.7 Translocations


You had 9 spell levels left.
You knew the following spells:

 Your Spells              Type           Power      Damage    Failure   Level
a - Necrotise             Necr           96%        1d8       1%          1
b - Animate Dead          Necr           24%        N/A       14%         4

Your spell library contained the following spells:

 Spells                   Type           Power      Damage    Failure   Level
 Vampiric Draining        Necr           24%        2d7       4%          3
 Blink                    Tloc           12%        N/A       16%         2
 Agony                    Necr           24%        N/A       36%         5
 Manifold Assault         Tloc           6%         N/A       71%         4
 Storm Form               Tmut/Air       2%         N/A       100%        7


Dungeon Overview and Level Annotations

Branches:
Dungeon (4/15)
 Temple: D:4-7

Altars:

Annotations:
D:4 Eustachio


Innate Abilities, Weirdness & Mutations

You have large cloven feet.
You are partially covered in rugged brown scales. (AC +1, +3% HP)
You regenerate health from kills.


Message History

The hound bites you. The black bear barely misses you.
The black bear claws you. The black bear barely misses you.
The ogre barely misses you. The adder closely misses you.
Your dart slug zombie barely misses the black bear.
You closely miss the black bear.
The black bear is lightly wounded.
The hound bites you. The adder barely misses you. The black bear bites you!
The black bear claws you but does no damage.
The black bear closely misses you. The hound bites you.
The ogre closely misses you.
You hit the black bear.
The black bear is moderately wounded.
The adder misses you. The hound bites you. The black bear bites you.
The black bear barely misses you. The black bear misses you.
The adder bites you.
Your dart slug zombie closely misses the black bear.
The hound bites you.
* * * LOW HITPOINT WARNING * * *
You fade into invisibility!
The black bear misses you. The black bear barely misses you. x2
The hobgoblin hits your dart slug zombie.
The ogre closely misses you. The adder closely misses you. The hound bites you.
* * * LOW HITPOINT WARNING * * *
The hound attacks as you move away! The hound barely misses you.
A scorpion comes into view.
The adder closely misses you.
The hobgoblin hits your dart slug zombie.
The hound bites you.
* * * LOW HITPOINT WARNING * * *
The adder closely misses you.
Eustachio and an endoplasm come into view.
Eustachio is wielding a +1 rapier of electrocution.
The endoplasm quivers.
Your dart slug zombie bites the hound.
The endoplasm moves out of view.
The hound attacks as you move away! The hound bites you.
* * * LOW HITPOINT WARNING * * *
Eustachio shouts!
A kobold comes into view. It is wielding a +0 short sword.
Found a potion of invisibility.
The hound bites you.
You die...

.#. #.#..........
.....#....<.#.### #
#...#...Z........
#.#..K#......#?##..
#.....#..g...# #
.............#.#
.....S.h..!.....
......Jh.....#.#
.....#@##...#.#
...s.#.###....#
.... #.# ..#.. ....
#.# ..#.. ... #.#
.# #.# #.# #!#


You could see a black bear (unable to see you, ally target), a hound, an adder
(unable to see you), an endoplasm, a hobgoblin (unable to see you), a kobold
(unable to see you) and a friendly dart slug zombie.

Vanquished Creatures
  Sigmund (D:2)
  4 gnolls (D:3)
  4 adders
  A worm (D:2)
  3 dart slugs
  An orc (D:3)
  3 bats
  6 endoplasms
  4 giant cockroaches
  4 goblins
  10 hobgoblins
  3 kobolds
  2 quokkas (D:1)
  8 ball pythons
  2 frilled lizards (D:1)
  6 rats
62 creatures vanquished.

Vanquished Creatures (collateral kills)
  An endoplasm (D:1)
  A kobold (D:1)
  A quokka (D:3)
  A bat (D:3)
4 creatures vanquished.

Vanquished Creatures (others)
  An adder zombie (D:3)
  A bat zombie (D:3)
  A ball python zombie (D:3)
3 creatures vanquished.

Grand Total: 69 creatures vanquished

Notes
Turn   | Place    | Note
-------+----------+-------------------------------------------
     0 | D:1      | Crownlay the Demonspawn Necromancer began the quest for the
                  | Orb.
     0 | D:1      | Reached XP level 1. HP: 13/13 MP: 3/3
   313 | D:1      | Gained mutation: You regenerate a little health from kills.
                  | [demonic ancestry]
   313 | D:1      | Reached XP level 2. HP: 19/19 MP: 1/5
   487 | D:1      | Found a faded altar of an unknown god.
   815 | D:2      | Gained mutation: You regenerate health from kills. [demonic
                  | ancestry]
   815 | D:2      | Reached XP level 3. HP: 24/24 MP: 2/7
  1111 | D:2      | Noticed Sigmund
  1244 | D:2      | Killed Sigmund
  1245 | D:2      | Reached skill level 1 in Fighting
  1245 | D:2      | Reached skill level 5 in Necromancy
  1245 | D:2      | Gained mutation: You have large cloven feet. [demonic
                  | ancestry]
  1245 | D:2      | Reached XP level 4. HP: 13/33 MP: 2/10
  1245 | D:2      | Reached XP level 5. HP: 15/38 MP: 2/11
  1705 | D:2      | Learned a level 4 spell: Animate Dead
  2749 | D:3      | Gained mutation: You are partially covered in rugged brown
                  | scales. (AC +1, +3% HP) [demonic ancestry]
  2749 | D:3      | Reached XP level 6. HP: 37/44 MP: 9/12
  3178 | D:4      | Noticed Eustachio
  3182 | D:4      | Slain by a hound

Illustrated notes

Levels and vault maps discovered:
D:1:      scummos_arrival_checkerplants, layout_rooms, basic_ecumenical_altar,
          minmay_pentomino_p4
D:2:      layout_basic, uniq_sigmund
D:3:      layout_basic
D:4:      layout_basic, lemuel_crystal_altar, kennysheep_generic_room_13,
          uniq_eustachio

Skill      XL: |  1  2  3  4  5 |
---------------+----------------+-----
Spellcasting   | 3 4 |  4.5
Fighting       | 1 2 |  2.2
Necromancy     | 5 |  5.6
Dodging        | |  1.7
Stealth        | |  1.7
Translocations | |  0.7

Action                   |  1- 3 |  4- 6 || total
-------------------------+-------+-------++-------
Melee: Short sword       |    15 |    98 ||   113
       Spear             |       |    12 ||    12
       Punch             |       |     1 ||     1
 Cast: Necrotise         |    63 |    24 ||    87
       Animate Dead      |       |     6 ||     6
  Use: Scroll            |       |     4 ||     4
       Potion            |       |     5 ||     5
 Stab: Sleeping          |       |     1 ||     1
Armor: Robe              |       |    34 ||    34
Dodge: Dodged            |    27 |   119 ||   146

Table legend: (Time is in decaauts)
 A = Elapsed time spent in this place.
 B = Non-inter-level travel time spent in this place.
 C = Inter-level travel time spent in this place.
 D = Time resting spent in this place.
 E = Time spent auto-exploring this place.
 F = Levels seen in this place.
 G = Mean time per level.
                   A        B        C        D        E       F      G
               +--------+--------+--------+--------+--------+-----+--------+
         Total |   3192 |   3064 |    128 |    132 |   2104 |   4 |  798.0 |
       Dungeon |   3192 |   3064 |    128 |    132 |   2104 |   4 |  798.0 |
               +--------+--------+--------+--------+--------+-----+--------+

Top non-repeatable levels by time:
     D:2: 1290 daAuts
     D:3: 1085 daAuts
     D:1: 800 daAuts
     D:4: 16 daAuts
